 Dungeon Crawl Stone Soup version 0.17-a0-1748-g222fba8 (webtiles) character file.

40406 kae the Destroyer (level 14, -8/88 HPs)
             Began as a Tengu Fire Elementalist on Sept 1, 2015.
             Was a High Priest of Vehumet.
             Engulfed by a fire crab's flame (21 damage)
             ... on level 7 of the Lair of Beasts.
             The game lasted 01:06:53 (22809 turns).

kae the Destroyer (Tengu Fire Elementalist)        Turns: 22809, Time: 01:06:53

Health: -8/88      AC: 14    Str:  8    XL:     14   Next: 10%
Magic:  24/32      EV: 18    Int: 21    God:    Vehumet [*****.]
Gold:   985        SH:  4    Dex: 15    Spells: 10 memorised, 6 levels left

rFire  . . .     SeeInvis +     l - +6 short sword (protect)
rCold  . . .     Clarity  .     E - +1 troll leather armour
rNeg   . . .     SustAt   .     j - +1 buckler
rPois  +         Gourm    .     L - +2 hat {SInv}
rElec  .         Spirit   .     q - +1 cloak
rCorr  .         Warding  .     (no gloves)
rMut   .         Stasis   .     (boots unavailable)
MR     +....                    n - amulet of faith
Stlth  ++........               t - +2 ring of slaying
                                f - ring of poison resistance

@: about to teleport, flying quickly and evasively, quick, somewhat resistant to
hostile enchantments, unstealthy
A: beak, talons 3, slow healing 1, able to fly 2
a: Stop Flying, Renounce Religion


You were on level 7 of the Lair of Beasts.
You worshipped Vehumet.
Vehumet was extremely pleased with you.
You were not hungry.

You visited 3 branches of the dungeon, and saw 19 of its levels.

You collected 1576 gold pieces.
You spent 591 gold pieces at shops.

Inventory:

Hand weapons
 l - a +6 short sword of protection (weapon)
Armour
 j - a +1 buckler (worn)
 q - a +1 cloak (worn)
 E - a +1 troll leather armour (worn)
 K - a +2 hat of magic resistance
 L - a +2 hat of see invisible (worn)
Jewellery
 f - a ring of poison resistance (left hand)
 g - an uncursed ring of sustain attributes
 i - an uncursed amulet of resist corrosion {unknown}
 n - an amulet of faith (around neck)
 t - a +2 ring of slaying (right hand)
 x - an uncursed ring of positive energy
 z - an uncursed ring of flight
 B - the ring "Saosiolo" {+/*Tele *Contam rPois rF+}
   (You bought it in a shop on level 6 of the Dungeon)

   [ring of teleportation]

   It may teleport you to nearby monsters, and can be evoked to randomly
   teleport.
   It protects you from fire.
   It protects you from poison.
   It causes magical contamination when unequipped.
 G - an uncursed amulet of clarity
 N - an uncursed ring of stealth
Magical devices
 I - a wand of fire (6)
 P - a wand of slowing (14)
 Q - a wand of fireball (1)
Scrolls
 a - a scroll of identify
 d - 11 scrolls of remove curse
 w - 5 scrolls of teleportation
 y - 2 scrolls of enchant armour
 M - 3 scrolls of summoning
Potions
 e - 4 potions of haste
 h - 4 potions of might
 k - 9 potions of curing
 m - 6 potions of mutation
 r - a potion of cure mutation
 s - 2 potions of lignification
 A - 5 potions of brilliance
 C - a potion of magic
 D - 2 potions of cancellation {unknown}
 J - a potion of resistance {unknown}
 O - a potion of flight
Books
 b - a book of Flames

   Spells                             Type                      Level
   a - Flame Tongue                   Conjuration/Fire             1
   b - Throw Flame                    Conjuration/Fire             2
   c - Conjure Flame                  Conjuration/Fire             3
   d - Inner Flame                    Hexes/Fire                   3
   e - Sticky Flame                   Conjuration/Fire             4
   f - Fireball                       Conjuration/Fire             5
 u - a book of Power

   Spells                             Type                      Level
   a - Fulminant Prism                Conjuration/Hexes            4
   b - Iskenderun's Mystic Blast      Conjuration                  4
   c - Venom Bolt                     Conjuration/Poison           5
   d - Bolt of Magma                  Conjuration/Fire/Earth       5
   e - Iron Shot                      Conjuration/Earth            6
   f - Orb of Destruction             Conjuration                  7
   g - Spellforged Servitor           Conjuration/Summoning        7
 H - a book of Annihilations

   Spells                             Type                      Level
   a - Poison Arrow                   Conjuration/Poison           6
   b - Chain Lightning                Conjuration/Air              8
   c - Lehudib's Crystal Spear        Conjuration/Earth            8
   d - Glaciate                       Conjuration/Ice              9
   e - Fire Storm                     Conjuration/Fire             9
Comestibles
 c - 13 bread rations
 o - 3 chunks of flesh
 p - 10 meat rations


   Skills:
 - Level 10.0 Fighting
 - Level 8.1 Dodging
 - Level 2.0 Stealth
 - Level 13.0 Spellcasting
 + Level 13.4 Conjurations
 + Level 12.2 Fire Magic


You had 6 spell levels left.
You knew the following spells:

 Your Spells              Type           Power        Failure   Level  Hunger
a - Flame Tongue          Conj/Fire      #####        1%          1    None
b - Throw Flame           Conj/Fire      ######       1%          2    None
c - Conjure Flame         Conj/Fire      ######..     1%          3    None
d - Sticky Flame          Conj/Fire      ######..     1%          4    None
e - Fireball              Conj/Fire      ######....   1%          5    ####...
f - Freeze                Ice            ##..         4%          1    None
g - Mephitic Cloud        Conj/Pois/Air  ####....     2%          3    None
h - Bolt of Magma         Conj/Fire/Erth #####.....   3%          5    ####...
i - Ignite Poison         Fire/Trmt/Pois ####....     2%          3    None
j - Bolt of Fire          Conj/Fire      ######....   3%          6    #####..


Dungeon Overview and Level Annotations

Branches:
Dungeon (10/15)            Temple (1/1) D:5            Lair (8/8) D:8
  Swamp (0/4) Lair:3        Snake (0/4) Lair:6          Orc (0/4) D:10
  Slime: Lair:6-8

Altars:
Ashenzari
Cheibriados
Dithmenos
Elyvilon
Fedhas
Gozag
Kikubaaqudgha
Makhleb
Nemelex Xobeh
Okawaru
Qazlal
Ru
Sif Muna
Trog
Vehumet
Xom
Yredelemnul
Zin
The Shining One

Shops:
D:6 *   D:8 ?   D:10 [

Portals:
Labyrinth: Lair:8

Annotations:
D:10 Erolcha
Lair:5 exclusion: lava snake


Innate Abilities, Weirdness & Mutations

You have a beak for a mouth.
You have claws for feet.
You can fly continuously.
You heal slowly when monsters are visible.


Message History

As you read the scroll of teleportation, it crumbles to dust.
You feel strangely unstable. The fire crab breathes flames at you.
The blast of flame misses you.
Unknown command.
Read which item? (? for menu, Esc to quit)
Okay, then.
Evoke which item? (* to show all) (? for menu, Esc to quit)
Okay, then.
Drink which item? (? for menu, Esc to quit)
Okay, then.
Remove which piece of jewellery? (? for menu, Esc to quit)
Okay, then.
Put on which piece of jewellery? (? for menu, Esc to quit)
Okay, then.
Read which item? (? for menu, Esc to quit)
Okay, then.
Drink which item? (? for menu, Esc to quit)
You feel better.
You are engulfed in roaring flames.
You die...

...# ###..........# # ...#
#..........### # .### ####
###........†>..# # ## ###
#..###........÷.....## #
###.####.#..........P.......#
####...#..........§§§..PP.....##
##.#.............§.§..P.PP##..#
#..##..........§§§§§§..P#######
..##P.#........§@t.§....##### #
?#####.........§§§§§§....##.# #
...##.##.......§...........## #
.######...................P.##
## ####...................# # #
#.................### # ###
##................## # ..#
#P.................##### ..###
##................###.#.


You could see a fire crab.

Vanquished Creatures
  Gastronok (D:10)
  Kirke (Lair:5)
  Maud (Lair:3)
  2 hydras (Lair:6)
  A naga warrior (Lair:6)
  6 death yaks (Lair:6)
  Nergalle (Lair:1)
  2 griffons
  12 elephants
  3 black mambas
  6 komodo dragons
  8 spiny frogs
  A fire drake (Lair:7)
  Prince Ribbit (D:7)
  A boulder beetle (Lair:7)
  14 blink frogs
  A spriggan (D:7)
  38 yaks
  2 basilisks
  2 deep elf magi
  A wyvern (D:8)
  A fire elemental (Lair:5)
  5 hogs
  3 fire bats (Lair:5)
  3 hippogriffs
  3 nagas (Lair:6)
  9 wolves
  7 porcupines
  16 water moccasins
  2 orc warriors
  A sky beast (D:5)
  A phantom (D:7)
  4 centaurs
  5 ice beasts
  15 crocodiles
  7 giant frogs
  A brain worm (Lair:5)
  A gnoll sergeant (D:9)
  4 scorpions
  6 killer bees (D:9)
  An electric eel (Lair:5)
  6 crimson imps
  A giant frog zombie (D:3)
  6 hounds
  2 giant frog skeletons
  2 jellies (D:8)
  4 orc wizards
  A centaur skeleton (D:6)
  A gnoll shaman (D:3)
  4 iguanas
  6 orc priests
  A wasp zombie (D:9)
  A hell rat (D:8)
  Natasha (thrice) (D:2)
  2 killer bee zombies (D:7)
  7 sheep (Lair:2)
  10 worker ants
  A hound skeleton (D:5)
  A worker ant zombie (D:9)
  18 gnolls
  10 adders
  40 river rats
  4 shadow imps
  2 oozes (D:3)
  An adder zombie (D:6)
  2 adder skeletons (D:7)
  4 worms
  5 giant geckos
  31 orcs
  2 ball pythons
  6 bats
  3 giant cockroaches
  8 hobgoblins
  6 jackals
  7 kobolds
  4 quokkas
  6 giant newts
  9 goblins
  A quokka skeleton (D:3)
  6 rats
  A bush (D:5)
  A fungus (Lair:6)
436 creatures vanquished.

Vanquished Creatures (others)
  21 fungi
  5 plants
26 creatures vanquished.

Grand Total: 462 creatures vanquished

Notes
Turn   | Place    | Note
--------------------------------------------------------------
     0 | D:1      | kae the Tengu Fire Elementalist began the quest for the Orb.
     0 | D:1      | Reached XP level 1. HP: 10/10 MP: 4/4
   564 | D:1      | Reached XP level 2. HP: 15/15 MP: 6/6
   685 | D:1      | Reached skill level 4 in Fire Magic
  1083 | D:2      | Reached XP level 3. HP: 19/19 MP: 2/7
  1154 | D:2      | Found an opulent altar of Gozag.
  1556 | D:2      | Noticed Natasha
  1560 | D:2      | Killed Natasha
  1560 | D:2      | Reached XP level 4. HP: 24/24 MP: 3/8
  1676 | D:2      | You fall through a shaft for 2 floors!
  1911 | D:3      | Reached skill level 5 in Fire Magic
  2128 | D:3      | Gained mutation: You can fly. [Tengu growth]
  2128 | D:3      | Reached XP level 5. HP: 17/28 MP: 3/9
  2308 | D:3      | Found a stormy altar of Qazlal.
  2420 | D:2      | Noticed Natasha
  2427 | D:2      | Killed Natasha
  2519 | D:2      | Noticed Natasha
  2520 | D:2      | Killed Natasha
  2791 | D:3      | Learned a level 2 spell: Throw Flame
  2795 | D:3      | Learned a level 3 spell: Conjure Flame
  3336 | D:4      | Reached skill level 6 in Fire Magic
  3350 | D:4      | Reached XP level 6. HP: 24/32 MP: 6/10
  3764 | D:4      | Reached skill level 7 in Fire Magic
  3777 | D:4      | Reached skill level 5 in Conjurations
  3890 | D:4      | Reached XP level 7. HP: 36/36 MP: 1/11
  4139 | D:4      | Found a shadowy altar of Dithmenos.
  4401 | D:4      | Learned a level 4 spell: Sticky Flame
  4542 | D:5      | Entered Level 5 of the Dungeon
  4582 | D:5      | Reached skill level 8 in Fire Magic
  5148 | D:5      | Reached XP level 8. HP: 22/41 MP: 7/12
  5678 | D:5      | Reached skill level 9 in Fire Magic
  5698 | D:5      | Found a staircase to the Ecumenical Temple.
  5703 | Temple   | Entered the Ecumenical Temple
  5789 | Temple   | Became a worshipper of Vehumet
  6791 | D:6      | Found Dubim's Assorted Antiques.
  6800 | D:6      | Bought a clouded lapis lazuli ring for 145 gold pieces
  6805 | D:6      | Bought a fizzy golden potion for 26 gold pieces
  6805 | D:6      | Bought a scroll of identify for 58 gold pieces
  6811 | D:6      | Identified the ring "Saosiolo" {+/*Tele *Contam rPois rF+} (You bought it in a shop on level 6 of the Dungeon)
  6824 | D:6      | Gained mutation: You heal slowly when monsters are visible. [mutagenic glow]
  7193 | D:7      | Reached skill level 10 in Fire Magic
  7488 | D:7      | Reached XP level 9. HP: 45/45 MP: 8/13
  7567 | D:7      | Acquired Vehumet's first power
  7567 | D:7      | Offered knowledge of Sting by Vehumet.
  7699 | D:7      | Noticed Prince Ribbit
  7888 | D:7      | Reached skill level 11 in Fire Magic
  8337 | D:7      | Killed Prince Ribbit
  8626 | D:8      | Found a staircase to the Lair.
  8898 | D:8      | Found Pehoh's Magic Scroll Emporium.
  8902 | D:8      | Bought a scroll of identify for 24 gold pieces
  8902 | D:8      | Bought a scroll of identify for 24 gold pieces
  8902 | D:8      | Bought a scroll of enchant weapon for 90 gold pieces
  9046 | D:8      | Reached skill level 5 in Spellcasting
  9052 | D:8      | Offered knowledge of Freeze by Vehumet.
  9129 | D:8      | Learned a level 5 spell: Fireball
  9131 | D:8      | Learned a level 1 spell: Freeze
  9701 | D:8      | Reached XP level 10. HP: 41/50 MP: 7/21
 10032 | D:9      | Found a shimmering altar of Xom.
 10032 | D:9      | Found a shimmering altar of Xom.
 10034 | D:9      | Found a shimmering altar of Xom.
 10034 | D:9      | Found a shimmering altar of Xom.
 10142 | D:9      | Found a shimmering altar of Xom.
 10143 | D:9      | Found a shimmering altar of Xom.
 10144 | D:9      | Found a shimmering altar of Xom.
 10144 | D:9      | Found a shimmering altar of Xom.
 10394 | D:9      | Offered knowledge of Stone Arrow by Vehumet.
 10746 | D:10     | Entered Level 10 of the Dungeon
 10778 | D:10     | Acquired Vehumet's second power
 10963 | D:10     | Noticed Gastronok
 10981 | D:10     | Killed Gastronok
 11098 | D:10     | Reached skill level 10 in Spellcasting
 11106 | D:10     | Found Oruinueh's Antique Armour Emporium.
 11115 | D:10     | Bought a glowing hat for 112 gold pieces
 11125 | D:10     | Bought a glowing hat for 112 gold pieces
 11164 | D:10     | Noticed Erolcha
 11380 | D:10     | Found a staircase to the Orcish Mines.
 11577 | Lair:1   | Entered Level 1 of the Lair of Beasts
 11705 | Lair:1   | Reached skill level 1 in Fighting
 11705 | Lair:1   | Reached XP level 11. HP: 40/56 MP: 20/26
 11931 | Lair:1   | Offered knowledge of Mephitic Cloud by Vehumet.
 12179 | Lair:1   | Noticed Nergalle
 12234 | Lair:1   | Killed Nergalle
 12534 | Lair:1   | Reached skill level 5 in Fighting
 12962 | Lair:2   | Reached skill level 5 in Dodging
 12967 | Lair:1   | Acquired Vehumet's third power
 13075 | Lair:2   | Learned a level 3 spell: Mephitic Cloud
 13081 | Lair:2   | Learned a level 5 spell: Bolt of Magma
 13115 | Lair:2   | Offered knowledge of Ignite Poison by Vehumet.
 13129 | Lair:2   | Learned a level 3 spell: Ignite Poison
 13721 | Lair:3   | Noticed Maud
 13973 | Lair:3   | Reached XP level 12. HP: 73/73 MP: 22/27
 14435 | Lair:3   | Found a staircase to the Swamp.
 14964 | Lair:3   | Killed Maud
 15192 | Lair:3   | Offered knowledge of Airstrike by Vehumet.
 16502 | Lair:5   | Reached skill level 10 in Fighting
 17511 | Lair:5   | Noticed Kirke
 17752 | Lair:5   | Killed Kirke
 17752 | Lair:5   | Reached skill level 10 in Conjurations
 17752 | Lair:5   | Reached XP level 13. HP: 56/82 MP: 13/29
 18690 | Lair:6   | Reached skill level 12 in Spellcasting
 19008 | Lair:6   | Offered knowledge of Bolt of Cold by Vehumet.
 19347 | Lair:6   | Found a staircase to the Snake Pit.
 20465 | Lair:7   | Reached skill level 13 in Spellcasting
 21730 | Lair:7   | Offered knowledge of Bolt of Fire by Vehumet.
 21808 | Lair:7   | Learned a level 6 spell: Bolt of Fire
 21849 | Lair:7   | Gained mutation: You can fly continuously. [Tengu growth]
 21849 | Lair:7   | Reached XP level 14. HP: 80/88 MP: 16/32
 22528 | Lair:8   | Entered Level 8 of the Lair of Beasts
 22528 | Lair:8   | Found a labyrinth entrance.
 22806 | Lair:7   | HP: 4/88 [fire crab] (18)]
 22806 | Lair:7   | HP: 1/88 [fire crab/blast of flame (3)]
 22809 | Lair:7   | Engulfed by a fire crab's flame

Vault maps used:
D:1:      minmay_arrival_solitary_statue
D:2:      nicolae_gozag_seed_capital, uniq_natasha
D:3:      nicolae_overflow_hidden_temple
D:4:      first_bread, nicolae_dithmenos_shadow_blocks
D:5:      minmay_temple_entry_statues_pillars, kb_lookout_dungeons_type,
          minmay_misc_feat_tower
D:6:      serial_shops, nicolae_shop_overgrown_old_shop
D:7:      nicolae_benzene_ring, the_bakery, uniq_prince_ribbit1
D:8:      dpeg_lair_monsters, serial_shops, nicolae_shop_stone,
          serial_corexii_hall, corexii_hall_statues_x, corexii_hall_statues_l
D:9:      xom_shifter_show
D:10:     lemuel_ice_spiral_2, orc_0_dummy, serial_shops,
          nicolae_shop_overgrown_old_shop, uniq_erolcha, uniq_gastronok
Temple:   grunt_circular_temple_18
Lair:1:   uniq_nergalle
Lair:3:   swamp_mist, uniq_maud
Lair:4:   infiniplex_staircase_pool_2
Lair:5:   uniq_kirke
Lair:6:   minmay_snake_entry_guardpost_large
Lair:8:   due_jungle_book, minmay_slime_entry_jelly_boxes, lab_entry_generic,
          serial_bayou_pond_d

Action                   |  1- 3 |  4- 6 |  7- 9 | 10-12 | 13-15 || total
-------------------------+-------+-------+-------+-------+-------++-------
Melee: Whip              |    17 |       |       |       |       ||    17
       Unarmed           |     2 |       |       |       |       ||     2
       Short sword       |    11 |    84 |   206 |    99 |    78 ||   478
 Cast: Flame Tongue      |    42 |    70 |   203 |   518 |   326 ||  1159
       Throw Flame       |       |     9 |    51 |    91 |    40 ||   191
       Conjure Flame     |       |     4 |     2 |     5 |     4 ||    15
       Sticky Flame      |       |       |     6 |    62 |    68 ||   136
       Freeze            |       |       |       |    28 |    10 ||    38
       Fireball          |       |       |       |     6 |     4 ||    10
       Mephitic Cloud    |       |       |       |     2 |     6 ||     8
       Ignite Poison     |       |       |       |     1 |     2 ||     3
       Bolt of Magma     |       |       |       |     1 |     5 ||     6
 Abil: Fly               |       |       |       |       |     7 ||     7
  Use: Scroll            |       |     8 |     9 |    18 |     5 ||    40
       Potion            |       |       |       |       |     5 ||     5
 Stab: Sleeping          |     3 |     4 |     2 |     3 |       ||    12
       Distracted        |       |     1 |       |     1 |       ||     2
       Confused          |       |       |       |     1 |       ||     1
  Eat: Chunk             |     3 |     4 |    15 |    26 |    16 ||    64
       Bread ration      |       |     1 |       |       |       ||     1
       Beef jerky        |       |       |     2 |     1 |     2 ||     5
       Pizza             |       |       |     1 |     2 |       ||     3
       Meat ration       |       |       |     1 |       |       ||     1
       Fruit             |       |       |       |     1 |     2 ||     3
